 Dungeon Crawl Stone Soup version 0.25.0-1-g7eea58d2a3 (webtiles) character file.

Game seed: 16206617527019900640

126 McIrco the Sneak (level 4, -11/21 HPs)
             Began as a Spriggan Conjurer on June 14, 2020.
             Splashed by Ijyb's acid (15 damage)
             ... on level 3 of the Dungeon.
             The game lasted 00:07:10 (3037 turns).

McIrco the Sneak (Spriggan Conjurer)                Turns: 3037, Time: 00:07:10

Health: -11/21     AC:  2    Str:  4    XL:     4   Next: 84%
Magic:  1/10       EV: 19    Int: 17    God:
Gold:   105        SH:  0    Dex: 16    Spells: 4/10 levels left

rFire    . . .     SeeInvis +   b - +0 dagger
rCold    . . .     Gourm    .   (shield restricted)
rNeg     . . .     Faith    .   a - +0 robe
rPois    .         Spirit   .   (helmet restricted)
rElec    .         Reflect  .   (no cloak)
rCorr    .         Harm     .   (gloves unavailable)
MR       .....                  (boots unavailable)
Stlth    +++.......             (no amulet)
HPRegen  0.07/turn              (no ring)
MPRegen  0.12/turn              (no ring)

@: very quick
A: very small, unfitting armour, see invisible, herbivore, speed 3, slow
metabolism 2
a: no special abilities


You were on level 3 of the Dungeon.
You were not hungry.

You visited 1 branch of the dungeon, and saw 4 of its levels.

You collected 105 gold pieces.

Inventory:

Hand Weapons
 b - a +0 dagger (weapon)
Armour
 a - a +0 robe (worn)
Jewellery
 n - an uncursed ring of resist corrosion {unknown}
Scrolls
 d - 2 scrolls of teleportation {unknown}
 j - a scroll of fog {unknown}
 k - 3 scrolls of identify {unknown}
 l - 2 scrolls of magic mapping {unknown}
 o - a scroll of fear {unknown}
Potions
 e - a potion of mutation {unknown}
 f - 2 potions of lignification {unknown}
 g - 4 potions of magic {unknown}
 h - a potion of stabbing {unknown}
 i - 2 potions of heal wounds {unknown}
 m - a potion of might {unknown}
 p - a potion of flight {unknown}
Comestibles
 c - 10 rations


   Skills:
 - Level 0.5 Short Blades
 + Level 3.7 Dodging
 * Level 4.8 Stealth
 * Level 3.8 Spellcasting
 * Level 3.6 Conjurations


You had 4 spell levels left.
You knew the following spells:

 Your Spells              Type           Power        Failure   Level  Hunger
a - Magic Dart            Conj           ###.         3%          1    None
b - Searing Ray           Conj           ###...       5%          2    ##.....
c - Dazzling Flash        Conj/Hex       #.....       22%         3    ###....

Your spell library contained the following spells:

 Spells                   Type           Power        Failure   Level  Hunger
 Fulminant Prism          Conj/Hex       #.........   58%         4    ####...
 Iskenderun's Mystic Bla  Conj/Tloc      #.......     58%         4    ####...


Dungeon Overview and Level Annotations

Branches:
Dungeon (4/15)
 Temple: D:4-7

Altars:
Zin

Annotations:
D:3 Ijyb


Innate Abilities, Weirdness & Mutations

You are very small and have problems with some larger weapons.
You are too small for most types of armour.
You have supernaturally acute eyesight. (SInv)
You are a herbivore.
You cover ground extremely quickly.
You need to consume almost no food.


Message History

The searing ray hits Ijyb!
Ijyb is moderately wounded.
You hear an angry hiss.
You hear a shout!
A hobgoblin comes into view. It is wielding a +0 club.
Ijyb zaps a wand.
The bolt of acid misses you.
You hear a shout!
The searing ray hits Ijyb.
Ijyb is heavily wounded.
The searing ray hits the hobgoblin.
The hobgoblin is almost dead.
Ijyb closely misses you.
The searing ray hits Ijyb.
Ijyb is severely wounded.
The searing ray misses the hobgoblin.
You finish channeling your searing ray.
Ijyb zaps a wand.
The bolt of acid hits you!
Ouch! That really hurt!
* * * LOW HITPOINT WARNING * * *
You are splashed with acid!
Ouch! That really hurt!
You die...

.####
#...........
## .#
###########.
# #.# #. #
#.# ####. #
#o# #..g# ##
#o# #...# .##
#g# ## #o..#
#.## #g#.##
#.... .#.##
#@#.# #....
#.#.## ##.#
).... ##.#.##
##.#.# ......
<##.#.##
##.#.##
....###
####.#.##
##.#.##
.....#
##.#.##
##.#.##
..####.
##.#.###.#.##
##. .
##.#.#.#.##
##.#.#.##


You could see Ijyb, 2 orcs and a hobgoblin.

Vanquished Creatures
  5 adders
  An ooze (D:2)
  3 worms
  2 dart slugs
  2 leopard geckos
  3 orcs
  4 giant cockroaches
  5 goblins
  4 hobgoblins
  4 jackals (D:1)
  A quokka (D:2)
  7 bats
  3 frilled lizards
  9 kobolds
  8 rats
61 creatures vanquished.

Notes
Turn   | Place    | Note
-------+----------+-------------------------------------------
     0 | D:1      | McIrco the Spriggan Conjurer began the quest for the Orb.
     0 | D:1      | Reached XP level 1. HP: 9/9 MP: 5/5
   288 | D:1      | Reached XP level 2. HP: 5/13 MP: 1/6
   878 | D:1      | Learned a level 2 spell: Searing Ray
   967 | D:1      | Reached XP level 3. HP: 16/16 MP: 0/8
  1359 | D:2      | Reached skill level 4 in Stealth
  1508 | D:2      | You fall into a shaft and drop 2 floors!
  1658 | D:2      | Reached XP level 4. HP: 14/21 MP: 5/10
  1668 | D:2      | Learned a level 3 spell: Dazzling Flash
  2254 | D:2      | Found a glowing silver altar of Zin.
  3027 | D:3      | Noticed Ijyb
  3037 | D:3      | Splashed by Ijyb's acid

Illustrated notes

Levels and vault maps discovered:
D:1:      tarquinn_simple_flora_water_c, layout_rooms
D:2:      layout_rooms, zin_academy
D:3:      minmay_inner_zag, layout_basic, gammafunk_temple_overflow_claw,
          minmay_misc_feat_tower, uniq_ijyb
D:4:      layout_basic, columned_hall_lemuel, minivault_24

Skill      XL: |  1  2  3 |
---------------+----------+-----
Conjurations   | 3 |  3.6
Spellcasting   | 3 |  3.8
Stealth        | 4 |  4.8
Short Blades   | |  0.5
Dodging        | |  3.7

Action                   |  1- 3 |  4- 6 || total
-------------------------+-------+-------++-------
Melee: Dagger            |    71 |     1 ||    72
       Unarmed           |     1 |       ||     1
 Cast: Magic Dart        |    76 |    64 ||   140
       Searing Ray       |     2 |     3 ||     5
  Use: Potion            |       |     2 ||     2
 Stab: Sleeping          |     7 |     1 ||     8
Armor: Robe              |    20 |     1 ||    21
Dodge: Dodged            |   138 |    25 ||   163
